 Dungeon Crawl Stone Soup version 0.30-a0-738-g116ff8c4af (webtiles) character file.

Game seed: 3265575767980169006

140 jimonade the Twirler (level 5, -1/39 HPs)
             Began as a Djinni Gladiator on Feb 3, 2023.
             Slain by an orc
             ... wielding a +1 vampiric hand axe
              (5 damage)
             ... on level 3 of the Dungeon.
             The game lasted 00:06:04 (1504 turns).

jimonade the Twirler (Djinni Gladiator)             Turns: 1504, Time: 00:06:04

Health: -1/39      AC:  9    Str: 13    XL:     5   Next: 47%
Gold:   93         EV: 11    Int: 12    God:
                   SH:  0    Dex: 14

rFire   + + .      SeeInvis +    a - +0 quarterstaff
rCold   x . .      Faith    .    (shield currently unavailable)
rNeg    . . .      Spirit   .    m - +0 ring mail
rPois   ∞          Reflect  .    c - +0 helmet
rElec   .          Harm     .    x - +2 cloak
rCorr   .          Rampage  .    (no gloves)
Will    .....                    (boots unavailable)
Stlth   +                        (no amulet)
HPRegen 0.26/turn                g - ring of see invisible
MPRegen 0.00/turn                (no ring)

@: flying
A: sickness immunity, fire resistance 2, cold vulnerability 1, float, innate
caster, HP casting, extra vitality 1
a: no special abilities


You were on level 3 of the Dungeon.
You visited 1 branch of the dungeon, and saw 3 of its levels.

You collected 93 gold pieces.

Inventory:

Hand Weapons
 a - a +0 quarterstaff (weapon)
 b - a +0 sling
Missiles
 d - 3 throwing nets (quivered)
 e - 5 javelins
 k - 2 curare-tipped darts
 l - 5 poisoned darts
Armour
 c - a +0 helmet (worn)
 m - a +0 ring mail (worn)
 r - a +0 chain mail
 x - a +2 cloak (worn)
 y - a +0 leather armour
Jewellery
 g - a ring of see invisible (left hand)
Scrolls
 f - 2 scrolls of noise {unknown}
 h - 2 scrolls of silence {unknown}
 i - a scroll of torment {unknown}
 n - 6 scrolls of identify {unknown}
 o - 2 scrolls of enchant weapon {unknown}
 u - a scroll of immolation {unknown}
 v - a scroll of poison {unknown}
 z - a scroll of fear {unknown}
Potions
 j - 2 potions of curing {unknown}
 p - a potion of resistance {unknown}
 q - a potion of magic {unknown}
 s - a potion of degeneration {unknown}
 t - a potion of heal wounds {unknown}
 w - a potion of mutation {unknown}


   Skills:
 + Level 2.5 Fighting
 * Level 4.6 Staves
 + Level 1.5 Throwing
 + Level 1.1 Armour
 + Level 3.5 Dodging
 * Level 0.2 Spellcasting


You had one spell level left.
You knew the following spells:

 Your Spells              Type           Power      Damage    Failure   Level
a - Magic Dart            Conj           0%         1d3       54%         1
b - Poisonous Vapours     Pois/Air       0%         N/A       67%         2
Your spell library was empty.

Dungeon Overview and Level Annotations

Branches:
Dungeon (3/15)

Altars:


Innate Abilities, Weirdness & Mutations

You are immune to sickness and miasma.
You are immune to poison.
Your flesh is very heat resistant. (rF++)
You are vulnerable to cold. (rC-)
You float through the air rather than walking.
You learn spells naturally, not from books.
Your magical power is your life essence.
You have superior vitality. (+4 MHP)


Message History

You kill the orc!
The orc hits you but does no damage.
You thump the orc!
You kill the orc!
The orc closely misses you. The orc hits you with a +0 flail.
You barely miss the orc priest.
The orc hits you with a +1 vampiric hand axe.
The orc priest hits you but does no damage.
The orc hits you but does no damage.
You closely miss the orc priest. The orc misses you.
The orc priest hits you but does no damage.
The orc closely misses you.
You barely miss the orc priest. The orc hits you with a +0 flail.
The orc priest invokes the aid of Beogh against you.
Beogh smites you! The orc barely misses you.
You thump the orc priest!
The orc priest is heavily wounded.
The orc priest hits you but does no damage.
The orc hits you but does no damage. The orc hits you with a +0 flail.
You hit the orc priest.
The orc priest is severely wounded.
The orc priest hits you but does no damage.
The orc hits you with a +1 vampiric hand axe.
The orc closely misses you. The orc hits you but does no damage. x2
The orc priest hits you with a +0 dagger.
You thump the orc priest!
You kill the orc priest!
The orc barely misses you. x2
The orc attacks as you move away! The orc closely misses you.
The orc hits you with a +1 vampiric hand axe.
* * * LOW HITPOINT WARNING * * *
There is an open door, spattered with blood here.
Items here: ))) [ ††.
You are too injured to fight recklessly!
You hit the orc.
The orc is almost dead.
The orc hits you with a +0 flail!
* * * LOW HITPOINT WARNING * * *
The orc hits you with a +1 vampiric hand axe.
You die...

#########...##### ### #
#............[..## #.. .
#.#####..#######.###.# # #.#
#....#######..##.# #
#.###(#..##...##...#.######
#.##...#.##.>.##.........##
#....######...######.###.##
###..######+#'######.###.##
#.###...@o..+...##.......
#.# #.>.#o..#.>.######.##
####.###...'...'...# #.#
#.....######+#'######## #.##
#.##..†....+...'..†...# #.#.
#.##.....⌠.#.8.#.⌠....###...
#.##.......'...'......+.....
#.###.######'#'######.####..
#.....##...'...+...#### ##.


You could see 2 orcs.

Vanquished Creatures
  An orc priest (D:3)
  3 adders
  2 worms (D:2)
  2 dart slugs
  2 orcs (D:3)
  5 endoplasms
  7 giant cockroaches
  7 goblins
  6 hobgoblins
  2 jackals (D:1)
  2 quokkas (D:1)
  8 ball pythons
  5 bats
  5 frilled lizards
  5 kobolds
  5 rats
67 creatures vanquished.

Notes
Turn   | Place    | Note
-------+----------+-------------------------------------------
     0 | D:1      | jimonade the Djinni Gladiator began the quest for the Orb.
     0 | D:1      | Reached XP level 1. HP: 18/18 MP: 0/0
    35 | D:1      | Reached skill level 3 in Staves
    35 | D:1      | Reached XP level 2. HP: 8/23 MP: 0/0
   204 | D:1      | Reached XP level 3. HP: 28/28 MP: 0/0
   204 | D:1      | Learned a level 1 spell: Magic Dart
   496 | D:1      | Upgraded the game from 0.30-a0-737-gf23d94013f to
                  | 0.30-a0-738-g116ff8c4af
   673 | D:2      | Reached XP level 4. HP: 33/33 MP: 0/0
   750 | D:2      | Reached skill level 4 in Staves
  1383 | D:3      | Reached skill level 1 in Armour
  1383 | D:3      | Reached XP level 5. HP: 38/39 MP: 0/0
  1383 | D:3      | Learned a level 2 spell: Poisonous Vapours
  1504 | D:3      | Slain by an orc

Illustrated notes

Levels and vault maps discovered:
D:1:      wander_arrival_desolate, layout_basic
D:2:      layout_rooms, wad_floor_pattern_untrapped, minmay_joined_circles
D:3:      layout_loops_corners, old_standard_altar, minmay_misc_feat_rows,
          nicolae_elevator_lobby_plus

Skill      XL: |  1  2  3  4 |
---------------+-------------+-----
Staves         | 3 4 |  4.6
Armour         | 1 |  1.1
Fighting       | |  2.5
Throwing       | |  1.5
Dodging        | |  3.5
Spellcasting   | |  0.2

Action                     |  1- 3 |  4- 6 || total
---------------------------+-------+-------++-------
  Melee: Quarterstaff      |   117 |   113 ||   230
   Stab: Sleeping          |     1 |       ||     1
 Armour: Leather armour    |    33 |       ||    33
         Ring mail         |     3 |    60 ||    63
  Dodge: Dodged            |    77 |    59 ||   136

Table legend: (Time is in decaauts)
 A = Elapsed time spent in this place.
 B = Non-inter-level travel time spent in this place.
 C = Inter-level travel time spent in this place.
 D = Time resting spent in this place.
 E = Time spent auto-exploring this place.
 F = Levels seen in this place.
 G = Mean time per level.
                   A        B        C        D        E       F      G
               +--------+--------+--------+--------+--------+-----+--------+
         Total |   1527 |   1343 |    184 |      0 |    861 |   3 |  509.0 |
       Dungeon |   1527 |   1343 |    184 |      0 |    861 |   3 |  509.0 |
               +--------+--------+--------+--------+--------+-----+--------+

Top non-repeatable levels by time:
     D:2: 763 daAuts
     D:1: 522 daAuts
     D:3: 240 daAuts
